 Dungeon Crawl Stone Soup version 0.20.1-1-g8b1a95d (webtiles) character file.

168 Monsterracer the Skirmisher (level 5, -1/47 HPs)
             Began as a Hill Orc Wanderer on Oct 19, 2017.
             Incinerated by esteth's ghost (3 damage)
             ... with a sticky flame
             ... on level 3 of the Dungeon.
             The game lasted 00:03:58 (2280 turns).

Monsterracer the Skirmisher (Hill Orc Wanderer)     Turns: 2280, Time: 00:03:58

Health: -1/47      AC:  6    Str: 15    XL:     5   Next: 49%
Magic:  5/5        EV: 10    Int: 15    God:
Gold:   70         SH:  0    Dex:  8    Spells: 4/4 levels left

rFire    . . .     SeeInvis .   m - +0 hand axe
rCold    . . .     Gourm    .   (no shield)
rNeg     . . .     Faith    .   d - +0 ring mail
rPois    .         Spirit   .   a - +0 helmet
rElec    .         Reflect  .   (no cloak)
rCorr    .         Harm     .   (no gloves)
MR       .....                  (no boots)
Stlth    ..........             (no amulet)
Regen    0.2/turn               j - ring of loudness (curse)
MPRegen  0.1/turn               i - ring of flight

@: liquid flames, glowing
A: no striking features
a: Evoke Flight


You were on level 3 of the Dungeon.
You were not hungry.

You visited 1 branch of the dungeon, and saw 3 of its levels.

You collected 70 gold pieces.

Inventory:

Hand Weapons
 m - a +0 hand axe (weapon)
 q - a +0 flail
Armour
 a - a +0 helmet (worn)
 d - a +0 ring mail (worn)
Jewellery
 i - a ring of flight (right hand)
 j - a cursed ring of loudness (left hand)
Scrolls
 c - a scroll of fear {unknown}
 h - 2 scrolls of remove curse {unknown}
 l - a scroll of magic mapping {unknown}
 o - a scroll of enchant weapon {unknown}
Potions
 b - 3 potions of heal wounds
 e - 2 potions of curing {unknown}
 k - a potion of brilliance {unknown}
 p - a potion of might {unknown}
Comestibles
 f - 3 bread rations
 g - a meat ration
 n - a royal jelly


   Skills:
 + Level 4.8 Fighting
 * Level 3.7 Axes
 - Level 1.0 Throwing
 + Level 2.9 Armour
 - Level 1.5 Dodging
 - Level 2.4 Stealth


You had 4 spell levels left.
You didn't know any spells.

Dungeon Overview and Level Annotations

Branches:
Dungeon (3/15)

Altars:

Annotations:
D:3 esteth's ghost, amateur DEFE


Message History

a whip; a ring mail; an orc corpse An orc priest is nearby!
The orc priest calls down the wrath of Beogh upon you.
Beogh smites you!
Huge Dmg: -25%(-12hp) hp: 75%(35hp)
You hit the orc priest.
The orc priest is moderately wounded.
The orc priest calls down the wrath of Beogh upon you.
Beogh smites you!
* * * LOW HITPOINT WARNING * * *
Huge Dmg: -30%(-14hp) hp: 45%(21hp)
You closely miss the orc priest.
The orc priest is moderately wounded.
The orc priest barely misses you.
You barely miss the orc priest.
The orc priest is moderately wounded.
The orc priest hits you but does no damage.
You hit the orc priest.
The orc priest is severely wounded.
The orc priest hits you.
* * * LOW HITPOINT WARNING * * *
Damage: -4%(-2hp) hp: 43%(20hp) Unknown command.
You hit the orc priest but do no damage.
The orc priest is severely wounded.
The orc priest shouts, "Surrender to Beogh and we'll let you live!"
The orc priest closely misses you.
You hit the orc priest but do no damage.
The orc priest is severely wounded.
The orc priest calls down the wrath of Beogh upon you.
You barely resist.
The orc priest hits you but does no damage.
You hit the orc priest.
The orc priest is severely wounded.
The orc priest hits you but does no damage.
You closely miss the orc priest.
The orc priest is severely wounded.
The orc priest hits you but does no damage.
You slash the orc priest!
You kill the orc priest!
You see here an orc corpse.
Esteth's ghost (amateur Deep Elf Fire Elementalist) comes into view.
Esteth's ghost is nearby!
There is a stone staircase leading up here.
You climb upwards.
There is a stone staircase leading down here.
You start resting.
Eating one of 3 chunks of flesh.
You eat one of the 3 chunks of flesh.
This raw flesh tastes terrible.
All of the chunks of flesh in your inventory have rotted away.
HP restored.
You climb downwards.
Level annotation: esteth's ghost, amateur DEFE
There is a stone staircase leading up here.
Esteth's ghost points at you and mumbles some strange words.
The flame tongue hits you!
Damage: -14%(-7hp) hp: 86%(40hp)
You closely miss esteth's ghost. Esteth's ghost hits you.
Damage: -3%(-1hp) hp: 83%(39hp)
You closely miss esteth's ghost. Esteth's ghost hits you.
Damage: -2%(-1hp) hp: 81%(38hp)
There is a stone staircase leading up here.
You hit esteth's ghost but do no damage.
Esteth's ghost ripples.
Esteth's ghost hits you but does no damage.
You closely miss esteth's ghost.
Esteth's ghost hits you but does no damage.
You hit esteth's ghost.
Esteth's ghost is lightly damaged.
Esteth's ghost gestures at you while chanting.
The flame tongue hits you!
Huge Dmg: -23%(-11hp) hp: 60%(28hp)
You slash esteth's ghost!
Esteth's ghost is moderately damaged.
Esteth's ghost hits you.
Damage: -2%(-1hp) hp: 58%(27hp)
You closely miss esteth's ghost.
Esteth's ghost is moderately damaged.
Esteth's ghost misses you. Esteth's ghost hits you.
Damage: -2%(-1hp) hp: 56%(26hp)
You hit esteth's ghost but do no damage.
Esteth's ghost is moderately damaged.
Esteth's ghost sprays you with burning goo.
The sticky flame hits you!
You are covered in liquid flames!
You hit esteth's ghost but do no damage.
Esteth's ghost is moderately damaged.
You are covered in liquid flames!
Esteth's ghost hits you but does no damage.
Damage: -6%(-3hp) hp: 52%(24hp)
You hit esteth's ghost but do no damage.
Esteth's ghost is moderately damaged.
You are covered in liquid flames!
* * * LOW HITPOINT WARNING * * *
Esteth's ghost casts a spell at you. The flame tongue hits you!
* * * LOW HITPOINT WARNING * * *
Huge Dmg: -47%(-22hp) hp: 5%(2hp)
You are covered in liquid flames!
You die...

.. ...# #.###....#..
#. #..####..#...(....
#.. #...###.....##...
..#..###............).
.......†...)..#....#.
.####...#####....###
#.#..####....#
#.##...W(.#..#
...#####@[[..###
................## #.
...............## ..
................#
................##
......)...........
..........<.....#
................#
.................#


You could see esteth's ghost.

Vanquished Creatures
  2 orc priests (D:3)
  Jessica (D:2)
  2 adders (D:2)
  An ooze (D:2)
  A worm (D:3)
  2 dart slugs (D:1)
  3 orcs (D:3)
  2 ball pythons
  2 giant cockroaches
  7 goblins
  7 hobgoblins
  7 bats
  5 frilled lizards
  4 kobolds
  9 rats
55 creatures vanquished.

Notes
Turn   | Place    | Note
-------+----------+-------------------------------------------
     0 | D:1      | Monsterracer the Hill Orc Wanderer began the quest for the Orb.
     0 | D:1      | Monsterracer set off with: a +2 dagger, a potion of heal wounds, a +0 mace, a +0 ring mail, a bread ration
     0 | D:1      | Reached XP level 1. HP: 16/16 MP: 1/1
    62 | D:1      | Reached skill level 2 in Fighting
   180 | D:1      | Reached XP level 2. HP: 25/25 MP: 2/2
   326 | D:1      | Reached skill level 3 in Fighting
   330 | D:1      | HP: 13/26 [dart slug/slug dart (7)]
   622 | D:1      | Reached XP level 3. HP: 23/31 MP: 3/3
  1084 | D:2      | Reached skill level 4 in Fighting
  1297 | D:2      | Reached XP level 4. HP: 32/41 MP: 4/4
  1477 | D:2      | Noticed Jessica
  1484 | D:2      | Killed Jessica
  2020 | D:3      | Reached XP level 5. HP: 41/47 MP: 5/5
  2086 | D:3      | HP: 21/47 [orc priest/divine providence (14)]
  2171 | D:3      | Noticed esteth's ghost (amateur DEFE)
  2279 | D:3      | HP: 16/47 [burnt (8)]
  2279 | D:3      | HP: 2/47 [esteth's ghost/flame tongue (14)]
  2280 | D:3      | Incinerated by esteth's ghost

Skill      XL: |  1  2  3  4 |
---------------+-------------+-----
Fighting       | 2 3 4 |  4.8
Axes           | 3 |  3.7
Throwing       | |  1.0
Armour         | |  2.9
Dodging        | |  1.5
Stealth        | |  2.4

Action                   |  1- 3 |  4- 6 || total
-------------------------+-------+-------++-------
Melee: Dagger            |   131 |    17 ||   148
       Hand axe          |       |    65 ||    65
  Eat: Chunk             |     1 |     4 ||     5
Armor: Ring mail         |    39 |    31 ||    70
Dodge: Dodged            |    75 |    31 ||   106

Vault maps used:
D:1:      denvon_arrival_planthouse
D:2:      uniq_jessica
